 Dungeon Crawl Stone Soup version 0.32-a0-711-g016ad743e0 (webtiles) character file.

Game seed: 16113020866277937813

151 Griffin23 the Shield-Bearer (level 5, -10/47 HPs)
             Began as a Minotaur Fighter on Mar 15, 2024.
             Mangled by Crazy Yiuf
             ... wielding a +4 quarterstaff of chaos
              (14 damage)
             ... on level 3 of the Dungeon.
             The game lasted 00:03:45 (2420 turns).

Griffin23 the Shield-Bearer (Minotaur Fighter)      Turns: 2420, Time: 00:03:45

Health: -10/47     AC:  8    Str: 22    XL:     5   Next: 10%
Magic:  1/4        EV:  8    Int:  5    God:
Gold:   126        SH:  0    Dex: 10    Spells: 4/4 levels left

rFire   . . .        a - +0 long sword
rCold   . . .        c - +0 buckler
rNeg    . . .        b - +0 scale mail
rPois   .            (helmet restricted)
rElec   .            g - +0 cloak
rCorr   .            (no gloves)
SInv    .            (no boots)
Will    .....        h - amulet of the acrobat Stlth
                     (no ring)
HPRegen 0.27/turn    (no ring)
MPRegen 0.09/turn

%: acrobat
@: confused, about to teleport, hasted, very quick
A: horns 2, retaliatory headbutt
a: no special abilities


You were on level 3 of the Dungeon.
You visited 1 branch of the dungeon, and saw 3 of its levels.

You collected 126 gold pieces.

Inventory:

Hand Weapons
 a - a +0 long sword (weapon)
Armour
 b - a +0 scale mail (worn)
 c - a +0 buckler (worn)
 g - a +0 cloak (worn)
Jewellery
 h - an amulet of the acrobat (around neck)
 n - a ring of wizardry
Scrolls
 d - a scroll of revelation
 f - a scroll of fear {unknown}
 i - a scroll of noise {unknown}
 j - a scroll of teleportation
 l - a scroll of amnesia {unknown}
 m - a scroll of vulnerability {unknown}
Potions
 k - a potion of haste {unknown}
 p - a potion of cancellation {unknown}


   Skills:
 + Level 4.7 Fighting
 + Level 3.8 Long Blades
 + Level 4.6 Armour
 + Level 4.8 Shields


You had 4 spell levels left.
You didn't know any spells.
Your spell library contained the following spells:

 Spells                   Type           Power      Damage    Failure   Level
 Apportation              Tloc           0%         N/A       85%         1
 Necrotise                Necr           0%         1d4       85%         1
 Sting                    Conj/Alch      0%         1d3       85%         1
 Summon Small Mammal      Summ           0%         N/A       85%         1


Dungeon Overview and Level Annotations

Branches:
Dungeon (3/15)

Altars:

Shops:
D:3 (

Annotations:
D:3 Crazy Yiuf


Innate Abilities, Weirdness & Mutations

You have a pair of horns on your head.
You reflexively headbutt those who attack you in melee.


Message History

You're confused, stopping explore.
You are too confused!
You're confused, stopping explore.
You feel less invigorated.
You feel less confused.
No reachable target in view!
No reachable target in view!
You open the door. You hit Crazy Yiuf but do no damage.
Your headbutt misses Crazy Yiuf. Crazy Yiuf misses you.
You furiously retaliate!
You headbutt Crazy Yiuf! You closely miss Crazy Yiuf.
Crazy Yiuf is moderately wounded.
Crazy Yiuf yells, "Snoogle arga shrimp!"
Crazy Yiuf hits you with a +4 quarterstaff of chaos!
You convulse.
Crazy Yiuf cries, "Trifle!"
Crazy Yiuf hits you with a +4 quarterstaff of chaos!
You feel yourself speed up.
You are too injured to fight recklessly!
You are too injured to fight recklessly!
You barely miss Crazy Yiuf.
Crazy Yiuf is moderately wounded.
Crazy Yiuf hits you with a +4 quarterstaff of chaos.
* * * LOW HITPOINT WARNING * * *
You feel your power leaking away.
As you read the scroll of teleportation, it crumbles to dust.
You feel strangely unstable.
You hit Crazy Yiuf.
You headbutt Crazy Yiuf, but do no damage.
Crazy Yiuf is moderately wounded.
You block Crazy Yiuf's attack.
You barely miss Crazy Yiuf.
Crazy Yiuf is moderately wounded.
Crazy Yiuf hits you with a +4 quarterstaff of chaos!
* * * LOW HITPOINT WARNING * * *
You are confused.
You bump into the stone wall.
You bump into the tree.
Crazy Yiuf hits you with a +4 quarterstaff of chaos!
You die...

#######.......................
#.......###########...........
#.......# #...........
####...>..## #####
#........... ..........# #..)#
#........... ........### #)))#
#..........< .......## )))
#....#####.. .......# ### #g#
#.......##.. ......####.# ♣♣@♣
#........... #.#######..# ♣)♣♣
#........... ...##......# ♣♣)♣
#....#####.. ...........# ♣)♣♣
#....# ##. ...##......# ♣♣)♣♣
###### #. ...##......# ♣)PP♣♣
#. ##########.# ♣.P..♣ ## #.#
#....# # #.###....#


You could see Crazy Yiuf.

Vanquished Creatures
  3 gnolls (D:2)
  4 adders
  2 ribbon worms (D:2)
  A dart slug (D:2)
  4 ball pythons (D:3)
  9 bats
  6 endoplasms
  A giant cockroach (D:3)
  7 goblins
  8 hobgoblins
  3 quokkas
  2 frilled lizards
  6 kobolds
  27 rats
83 creatures vanquished.

Notes
Turn   | Place    | Note
-------+----------+-------------------------------------------
     0 | D:1      | Griffin23 the Minotaur Fighter began the quest for the Orb.
     0 | D:1      | Reached XP level 1. HP: 19/19 MP: 0/0
   203 | D:1      | Reached XP level 2. HP: 27/27 MP: 1/1
   708 | D:2      | Reached XP level 3. HP: 17/33 MP: 2/2
   974 | D:2      | Reached XP level 4. HP: 9/41 MP: 3/3
  1857 | D:3      | Found Gept's Antique Weapon Boutique.
  2055 | D:3      | Found a faded altar of an unknown god.
  2078 | D:3      | Reached XP level 5. HP: 47/47 MP: 4/4
  2162 | D:3      | Found a runed translucent door.
  2163 | D:3      | Noticed Crazy Yiuf
  2420 | D:3      | Mangled by Crazy Yiuf

Illustrated notes

Levels and vault maps discovered:
D:1:      roadster_arrival_rocket_small, layout_loops_ring
D:2:      layout_basic
D:3:      layout_rooms, hellmonk_ecumenical_altar_arch_garden, serial_shops,
          nicolae_shop_trees, minmay_rat_hole, uniq_crazy_yiuf_cottage

Skill      XL: |  1  2 |
---------------+-------+-----
Armour         | 4 |  4.6
Shields        | 4 |  4.8
Fighting       | 4 |  4.7
Long Blades    | 3 |  3.8

Action                     |  1- 3 |  4- 6 || total
---------------------------+-------+-------++-------
  Melee: Long sword        |    88 |    89 ||   177
         Headbutt          |    19 |     8 ||    27
    Use: Potion            |     1 |     1 ||     2
         Scroll            |       |     4 ||     4
 Armour: Scale mail        |    83 |    68 ||   151
  Dodge: Dodged            |    44 |    50 ||    94
  Block: Buckler           |    29 |    23 ||    52

Table legend: (Time is in decaauts)
 A = Elapsed time spent in this place.
 B = Non-inter-level travel time spent in this place.
 C = Inter-level travel time spent in this place.
 D = Time resting spent in this place.
 E = Time spent auto-exploring this place.
 F = Levels seen in this place.
 G = Mean time per level.
                   A        B        C        D        E       F      G
               +--------+--------+--------+--------+--------+-----+--------+
         Total |   2465 |   2414 |     51 |    202 |   1757 |   3 |  821.7 |
       Dungeon |   2465 |   2414 |     51 |    202 |   1757 |   3 |  821.7 |
               +--------+--------+--------+--------+--------+-----+--------+

Top non-repeatable levels by time:
     D:2: 993 daAuts
     D:3: 785 daAuts
     D:1: 686 daAuts
